 Dungeon Crawl Stone Soup version 0.14-a0-2374-ge879b5e (webtiles) character file.

415 Mitsuki the Geomancer (level 6, -3/32 HPs)
             Began as a Gargoyle Earth Elementalist on Feb 1, 2014.
             Was an Initiate of Sif Muna.
             Killed by nerve-wracking pain
             ... invoked by an orc priest
              (8 damage)
             ... on Level 4 of the Dungeon.
             The game lasted 00:20:24 (4298 turns).

Mitsuki the Geomancer (Gargoyle Earth Elementalist) Turns: 4298, Time: 00:20:24

HP  -3/32        AC  7     Str 11      XL: 6   Next: 61%
MP   0/11        EV 12     Int 18      God: Sif Muna [......]
Gold 63          SH  0     Dex 10      Spells:  3 memorised,  1 level left

rFire  . . .     SeeInvis .     (no weapon)
rCold  . . .     Clarity  .     t - +0 elf robe
rNeg   + . .     Conserve .     (no shield)
rPois  +         rCorr    .     (no helmet)
rElec  +         rRot     +     f - +0 cloak
SustAb . .       Spirit   .     (no gloves)
rMut   .         Warding  .     (no boots)
Saprov . . .     Stasis   .     (no amulet)
MR     .....                    (no ring)
                                (no ring)

@: not resistant to hostile enchantments, fairly stealthy
A: life protection 1, electricity resistance, unbreathing, petrification
resistance, AC +4
a: Renounce Religion


You were on level 4 of the Dungeon.
You worshipped Sif Muna.
Sif Muna was noncommittal.
You were not hungry.

You visited 2 branches of the dungeon, and saw 5 of its levels.

You collected 63 gold pieces.

Inventory:

Armour
 f - a +0 cloak (worn)
 t - a +0 elven robe (worn)
Magical devices
 x - a wand of fireball (2)
 y - a wand of frost (6) {unknown}
Comestibles
 i - 4 bread rations
 m - a meat ration
Scrolls
 b - a scroll of enchant weapon I
 e - 2 scrolls of curse armour
 g - 3 scrolls of identify
 h - 2 scrolls of remove curse
 k - 3 scrolls of blinking {unknown}
 l - 2 scrolls of noise {unknown}
 u - 2 scrolls of magic mapping {unknown}
Jewellery
 s - an uncursed ring of positive energy {unknown}
Potions
 a - a potion of degeneration {unknown}
 c - a potion of resistance {unknown}
 j - 3 potions of paralysis {unknown}
 n - 2 potions of curing {unknown}
 o - a potion of restore abilities {unknown}
 q - a potion of beneficial mutation {unknown}
 r - a potion of heal wounds {unknown}
 v - a potion of berserk rage {unknown}
Books
 d - a book of Geomancy

   Spells                             Type                      Level
   *Sandblast                         Earth                        1
   *Stoneskin                         Transmutation/Earth          2
   Passwall                           Transmutation/Earth          3
   Stone Arrow                        Conjuration/Earth            3
   Petrify                            Transmutation/Earth          4
   *Lee's Rapid Deconstruction        Earth                        5


   Skills:
 - Level 1.5 Dodging
 - Level 2.1 Stealth
 - Level 2.3 Spellcasting
 - Level 0.7 Transmutations
 + Level 8.5 Earth Magic


You had one spell level left.
You knew the following spells:

 Your Spells              Type           Power        Failure   Level  Hunger
a - Sandblast             Erth           ####..       1%          1    #......
b - Stoneskin             Trmt/Erth      ###.......   4%          2    ##.....
c - Lee's Rapid Deconstr  Erth           ####......   17%         5    ######.


Dungeon Overview and Level Annotations

Branches:
Dungeon (4/16)             Temple (1/1) D:4

Altars:
Dithmengos
Elyvilon
Makhleb
Okawaru
Sif Muna
Vehumet
Xom
Yredelemnul
Zin
The Shining One


Innate Abilities, Weirdness & Mutations

You are resistant to torment.
You are immune to poison.
Your stone body is very resilient (AC +4).
You resist negative energy.
You are resistant to electric shocks.
You can survive without breathing.
You are immune to petrification.


Message History

The orc priest mumbles some strange prayers to Beogh against you.
Something smites you!
* * * LOW HITPOINT WARNING * * *
You hit the orc priest but do no damage.
The orc priest is heavily wounded.
The orc priest mumbles some strange prayers to Beogh.
You feel a wave of unholy energy pass over you.
You hit the orc priest but do no damage.
The orc priest is heavily wounded.
The orc priest becomes somewhat translucent.
Casting: Sandblast
Confirm with . or Enter, or press ? or * to list all spells.
Aiming: Sandblast
Press: ? - help, Shift-Dir - straight line, f/p - orc priest
Aim: an orc priest, wielding an orcish mace and wearing an orcish chain mail (heavily wounded)
The blast of sand hits the orc priest.
The orc priest is heavily wounded.
The orc priest mumbles some strange prayers to Beogh against you.
Pain shoots through your body!
You die...

#.##.####.# #..##.# ... #.....#
#.####..##.# .... ##.##..#
#..........# .....
##...#..###..###<..####.........#
...................o.o')........+
##...#.......#.....####.........#
#..########.#.##..# ....... #.##
#.#.###.# ..... #.# #....@o.#
..(## #.# ###.##### ###'..# #.#
#.# #.....# #.# #.# #..§..# #.#
#.##########..>§.# #.#
#.........##.....# #.#
#######..........# ##.#
#.#.#.#...#### ...#
#.#.#.##.#....


You could see an orc priest.

Vanquished Creatures
  An ogre (D:4)
  A scorpion (D:4)
  3 orc wizards
  3 gnolls (D:3)
  4 adders
  A worm (D:2)
  11 orcs
  9 bats
  4 giant cockroaches
  12 goblins
  9 hobgoblins
  8 jackals
  5 kobolds
  A quokka (D:4)
  A ball python (D:1)
  2 giant geckos (D:1)
  A kobold skeleton (D:4)
  11 rats
87 creatures vanquished.

Notes
Turn   | Place    | Note
--------------------------------------------------------------
     0 | D:1      | Mitsuki, the Gargoyle Earth Elementalist, began the quest for the Orb.
     0 | D:1      | Reached XP level 1. HP: 10/10 MP: 3/3
    73 | D:1      | Reached skill level 4 in Earth Magic
   156 | D:1      | Reached XP level 2. HP: 12/15 MP: 1/4
   218 | D:1      | Learned a level 2 spell: Stoneskin
   990 | D:1      | Reached XP level 3. HP: 8/19 MP: 4/6
  1804 | D:2      | Reached skill level 5 in Earth Magic
  1895 | D:2      | Found an iron altar of Okawaru.
  1986 | D:2      | Reached XP level 4. HP: 22/24 MP: 2/8
  2573 | D:3      | Reached skill level 6 in Earth Magic
  2580 | D:3      | Reached XP level 5. HP: 14/28 MP: 0/9
  2811 | D:3      | Found a basalt altar of Yredelemnul.
  3180 | D:3      | Reached skill level 7 in Earth Magic
  3558 | D:4      | Reached XP level 6. HP: 32/32 MP: 8/11
  3731 | D:4      | Noticed an ogre
  3756 | D:4      | Killed an ogre
  3756 | D:4      | Reached skill level 8 in Earth Magic
  3885 | D:4      | Found a staircase to the Ecumenical Temple.
  3899 | Temple   | Entered the Ecumenical Temple
  4132 | Temple   | Became a worshipper of Sif Muna the Loreminder
  4175 | D:4      | Learned a level 5 spell: Lee's Rapid Deconstruction
  4298 | D:4      | Killed from afar by an orc priest

Action                   |  1- 3 |  4- 6 || total
-------------------------+-------+-------++-------
Melee: Unarmed           |   115 |    40 ||   155
 Cast: Sandblast         |    61 |    62 ||   123
       Stoneskin         |     2 |       ||     2
       Lee's Rapid Decon |       |     2 ||     2
Evoke: Wand              |       |     2 ||     2
  Use: Scroll            |       |     4 ||     4
 Stab: Sleeping          |     2 |     2 ||     4
